 Dungeon Crawl Stone Soup version 0.29.1-2-gbd0b4ee654 (webtiles) character file.

Game seed: 6133044891514882004

461 Bloodgem the Covered (level 6, 0/56 HPs)
             Began as a Minotaur Fighter on Nov 4, 2022.
             Was an Initiate of Okawaru.
             Killed from afar by Sigmund (3 damage)
             ... with a puff of flame
             ... on level 5 of the Dungeon.
             The game lasted 00:07:53 (4226 turns).

Bloodgem the Covered (Minotaur Fighter)             Turns: 4226, Time: 00:07:54

Health: 0/56       AC: 11    Str: 23    XL:     6   Next: 79%
Magic:  5/5        EV:  9    Int:  5    God:    Okawaru [......]
Gold:   181        SH:  4    Dex:  9    Spells: 5/5 levels left

rFire   . . .      SeeInvis .   a - +0 war axe
rCold   . . .      Faith    .   c - +0 buckler
rNeg    + . .      Spirit   .   b - +0 scale mail
rPois   .          Reflect  .   (helmet restricted)
rElec   .          Harm     .   (no cloak)
rCorr   .          Rampage  .   e - +1 pair of gloves
Will    .....                   y - +0 pair of boots
Stlth   ..........              (no amulet)
HPRegen 0.18/turn               t - ring of positive energy
MPRegen 0.09/turn               (no ring)

@: mighty
A: horns 2, retaliatory headbutt
a: Renounce Religion


You were on level 5 of the Dungeon.
You worshipped Okawaru.
Okawaru was noncommittal.
You visited 1 branch of the dungeon, and saw 5 of its levels.

You collected 181 gold pieces.

Inventory:

Hand Weapons
 a - a +0 war axe (weapon)
 p - a +2 whip of electrocution
Armour
 b - a +0 scale mail (worn)
 c - a +0 buckler (worn)
 e - a +1 pair of gloves (worn)
 y - a +0 pair of boots (worn)
Jewellery
 t - a ring of positive energy (left hand)
Wands
 r - a wand of paralysis (5)
 v - a wand of mindburst (11)
 x - a wand of quicksilver (13)
Scrolls
 f - 6 scrolls of identify {unknown}
 k - 2 scrolls of blinking {unknown}
 l - a scroll of silence {unknown}
 n - 2 scrolls of fear {unknown}
 o - 2 scrolls of enchant armour {unknown}
 w - a scroll of magic mapping {unknown}
Potions
 g - 2 potions of heal wounds {unknown}
 h - 2 potions of curing {unknown}
 i - a potion of degeneration {unknown}
 j - 2 potions of brilliance {unknown}
 m - a potion of invisibility
 q - 2 potions of magic {unknown}
 s - a potion of attraction {unknown}
 u - a potion of lignification {unknown}


   Skills:
 * Level 5.6 Fighting
 + Level 4.5 Axes
 * Level 5.6 Armour
 + Level 1.3 Dodging
 + Level 5.4 Shields


You had 5 spell levels left.
You didn't know any spells.
Your spell library contained the following spells:

 Spells                   Type           Power      Damage    Failure   Level
 Magic Dart               Conj           0%         1d3       86%         1
 Mephitic Cloud           Conj/Pois/Air  0%         N/A       99%         3
 Call Imp                 Summ           Unusable   N/A       N/A         2

Dungeon Overview and Level Annotations

Branches:
Dungeon (5/15)
 Temple: D:4-7

Altars:
Elyvilon
Okawaru
Trog

Shops:
D:5 *

Annotations:
D:5 Sigmund


Innate Abilities, Weirdness & Mutations

You have a pair of horns on your head.
You reflexively headbutt those who attack you in melee.


Message History

You hear some strange, mumbled words.
Something tries to affect you, but you resist.
A magic dart appears from out of thin air!
The magic dart hits you but does no damage.
A magic dart appears from out of thin air!
The magic dart hits you.
* * * LOW HITPOINT WARNING * * *
A puff of flame appears from out of thin air!
The puff of flame hits you but does no damage.
Sigmund appears from thin air!
Reactivating autopickup.
Sigmund drinks a potion.
Sigmund flickers and vanishes!
Deactivating autopickup; reactivate with Ctrl-A.
Something hits you but does no damage. Something hits you but does no damage.
You miss something.
You hear some strange, mumbled words.
You are confused.
You bump into the rock wall.
Something hits you but does no damage.
You're too confused to move!
Something hits you.
* * * LOW HITPOINT WARNING * * *
Something hits you but does no damage.
You bump into the rock wall.
You barely miss something. Your headbutt misses something.
You feel less confused. Something hits you.
* * * LOW HITPOINT WARNING * * *
You miss something. Your headbutt misses something.
Something hits you but does no damage.
You feel very mighty all of a sudden. Something hits you.
* * * LOW HITPOINT WARNING * * *
You miss something. Your headbutt misses something. Something hits you.
* * * LOW HITPOINT WARNING * * *
You miss something. You slash something! Your headbutt misses something.
You hear some strange, mumbled words.
A puff of flame appears from out of thin air!
The puff of flame hits you.
You die...

######## #####......#
#......###.#
#.###..###.###
#.###..#.....#
#........#.#.########
##..).......#..{@....#
#.........##########.#
........#.# #..#
..############# #.##
..# #....# #.# ..#
#....# #.# ..# #....#
#.# ..# #....# #.# ..#
#....#####.#


There were no monsters in sight!

Vanquished Creatures
  2 ogres
  A scorpion (D:4)
  An orc priest (D:3)
  An iguana (D:5)
  Jessica (D:2)
  3 gnolls (D:3)
  2 adders (D:3)
  3 dart slugs
  10 orcs
  7 bats
  7 endoplasms
  3 giant cockroaches
  9 goblins
  6 hobgoblins
  8 jackals (D:1)
  3 quokkas
  2 ball pythons
  5 frilled lizards
  5 kobolds
  3 rats
82 creatures vanquished.

Vanquished Creatures (others)
  10 plants (D:2)
10 creatures vanquished.

Grand Total: 92 creatures vanquished

Notes
Turn   | Place    | Note
-------+----------+-------------------------------------------
     0 | D:1      | Bloodgem the Minotaur Fighter began the quest for the Orb.
     0 | D:1      | Reached XP level 1. HP: 19/19 MP: 0/0
    94 | D:1      | Reached XP level 2. HP: 16/27 MP: 1/1
   699 | D:1      | Reached XP level 3. HP: 33/33 MP: 2/2
   975 | D:2      | Noticed Jessica
   978 | D:2      | Killed Jessica
  1135 | D:2      | Noticed an ogre
  1142 | D:2      | Killed an ogre
  1143 | D:2      | Reached XP level 4. HP: 33/41 MP: 3/3
  1143 | D:2      | Reached XP level 5. HP: 38/47 MP: 4/4
  1282 | D:2      | Found a white marble altar of Elyvilon.
  1950 | D:3      | Reached skill level 5 in Armour
  2086 | D:3      | Reached skill level 5 in Shields
  2897 | D:4      | Found a bloodstained altar of Trog.
  2958 | D:4      | Reached skill level 5 in Fighting
  3284 | D:4      | Reached XP level 6. HP: 13/56 MP: 5/5
  3875 | D:4      | Reached skill level 1 in Dodging
  4057 | D:5      | Entered Level 5 of the Dungeon
  4070 | D:5      | Found Zopairr's Assorted Antiques.
  4070 | D:5      | Found an iron altar of Okawaru.
  4078 | D:5      | Became a worshipper of Warmaster Okawaru
  4160 | D:5      | Noticed a sky beast
  4161 | D:5      | Noticed Sigmund
  4224 | D:5      | HP: 2/56 [something (5)]
  4226 | D:5      | Killed from afar by Sigmund

Illustrated notes

Levels and vault maps discovered:
D:1:      dpeg_arrival_round_c, layout_basic, nicolae_titane
D:2:      layout_basic, serial_forest, infiniplex_forest_zigzag_1,
          infiniplex_forest_clump_curved, infiniplex_forest_clump_small,
          infiniplex_forest_clump_long, infiniplex_forest_clump_double,
          infiniplex_forest_lined_corner, infiniplex_forest_clump_small,
          basic_altar, uniq_jessica
D:3:      minmay_evil_eye, layout_basic, corexii_corridor_pit
D:4:      layout_loops_corners, trog_book
D:5:      kennysheep_windowed_halls, layout_loops_cross,
          mainiacjoe_overflow_alcove_4, zin_purify, okawaru_ov_weapons_minmay,
          serial_shops, shop, uniq_sigmund

Skill      XL: |  1  2  3  4  5  6 |
---------------+-------------------+-----
Shields        | 4 5 |  5.4
Armour         | 4 5 |  5.6
Fighting       | 4 5 |  5.6
Axes           | 3 4 |  4.5
Dodging        | 1 |  1.3

Action                   |  1- 3 |  4- 6 || total
-------------------------+-------+-------++-------
Melee: War axe           |    90 |   110 ||   200
       Headbutt          |    15 |    17 ||    32
  Use: Potion            |       |     1 ||     1
Armor: Scale mail        |    48 |    56 ||   104
Dodge: Dodged            |    42 |    38 ||    80
Block: Buckler           |    30 |    31 ||    61
